Get step-by-step instructions on how to execute this build order below. Start the game timer, and the build order will tick by so you can play in parallel with StarCraft on a second screen or mobile device.

Game Time

  0:00

Last Step

  N/A

Next Step

Upcoming Step



Don't want to look back and forth between 2 screens? Try out our Overwolf App, the Spawning Tool Build Advisor to get an in-game overlay with this build!

Complete Build Order

  12  0:01  SCV  
  13  0:16  SCV, Supply Depot  
  14  0:25  Refinery  
  14  0:28  SCV  
  15  0:41  Barracks  
  15  0:45  SCV  
  16  0:57  SCV  
  17  1:09  SCV  
  18  1:29  Marine, Supply Depot  
  19  1:37  Orbital Command  
  19  1:52  Command Center  
  19  1:53  Barracks Reactor  
  19  2:10  SCV  
  20  2:21  Factory  
  20  2:25  SCV  
  21  2:30  Marine  
  21  2:31  Marine  
  21  2:37  Supply Depot  
  23  2:38  SCV  
  23  2:56  Marine  
  23  2:57  Marine  
  25  3:06  Factory Tech Lab  
  25  3:10  Starport  
  25  3:18  Marine x2  
  24  3:26  Siege Tank  
  27  3:40  Marine x2  
  29  3:41  Barracks  
  29  3:55  SCV  
  30  4:08  Marine x2  
  28  4:16  Command Center  
  28  4:22  Starport Tech Lab, Barracks  
  28  4:25  Factory Tech Lab  
  28  4:26  Marine x2  
  27  4:48  Marine  
  27  4:49  Marine